 Dungeon Crawl Stone Soup version 0.29-a0-100-g60f898f876 (webtiles) character file.

Game seed: 4464049371195502102

370 kae the Shield-Bearer (level 7, -1/55 HPs)
             Began as a Formicid Fighter on Feb 14, 2022.
             Slain by an ogre (26 damage)
             ... on level 4 of the Dungeon.
             The game lasted 00:01:39 (3986 turns).

kae the Shield-Bearer (Formicid Fighter)            Turns: 3986, Time: 00:01:39

Health: -1/55      AC:  8    Str: 22    XL:     7   Next: 2%
Magic:  7/7        EV:  9    Int:  8    God:
Gold:   236        SH:  5    Dex: 10    Spells: 6/6 levels left

rFire   . . .      SeeInvis +   a - +1 war axe
rCold   . . .      Faith    .   c - +0 buckler
rNeg    . . .      Spirit   .   b - +1 scale mail
rPois   .          Reflect  .   (helmet unavailable)
rElec   .          Harm     .   (no cloak)
rCorr   .          Rampage  .   (no gloves)
Will    .....                   (no boots)
Stlth   ..........              (no amulet)
HPRegen 0.18/turn               (no ring)
MPRegen 0.10/turn               (no ring)

@: lethally poisoned (-1 -> -2)
A: permanent stasis, dig shafts and tunnels, antennae 3, four strong arms
a: Dig, Shaft Self


You were on level 4 of the Dungeon.
You visited 1 branch of the dungeon, and saw 4 of its levels.

You collected 236 gold pieces.

Inventory:

Hand Weapons
 a - a +1 war axe (weapon)
Armour
 b - a +1 scale mail (worn)
 c - a +0 buckler (worn)
Wands
 j - a wand of acid (10)
Scrolls
 e - a scroll of noise
 i - a scroll of identify
Potions
 d - a potion of might
 f - a potion of degeneration {unknown}
 g - a potion of magic
 h - 5 potions of cancellation {unknown}
 k - a potion of mutation {unknown}


   Skills:
 + Level 4.6 Fighting
 * Level 4.5 Axes
 + Level 4.6 Armour
 + Level 5.0 Shields


You had 6 spell levels left.
You didn't know any spells.
Your spell library was empty.

Dungeon Overview and Level Annotations

Branches:
Dungeon (4/15)
 Temple: D:4-7

Altars:


Innate Abilities, Weirdness & Mutations

You cannot be hasted, slowed, berserked, paralysed or teleported.
You can dig through walls and to a lower floor.
You have a pair of large antennae on your head. (SInv)
Your four strong arms can wield two-handed weapons with a shield.


Message History

The adder bites you but does no damage.
The water moccasin skeleton barely misses you.
The centaur skeleton barely misses you. The centaur skeleton kicks you.
You hit the centaur skeleton but do no damage.
The centaur skeleton is severely damaged.
You closely miss the adder.
You hit the water moccasin skeleton but do no damage.
You block the adder's attack.
The water moccasin skeleton bites you but does no damage.
You block the centaur skeleton's attack.
The centaur skeleton kicks you. The adder barely misses you.
The water moccasin skeleton bites you. The centaur skeleton hits you.
The centaur skeleton barely misses you.
There are monsters nearby!
You are too injured to fight recklessly!
You are too injured to fight recklessly!
There are monsters nearby!
You are too injured to fight recklessly!
You are too injured to fight recklessly!
You barely miss the adder.
The adder bites you but does no damage. x2
You barely miss the adder. The adder bites you but does no damage.
The adder barely misses you.
You barely miss the adder. The adder bites you but does no damage.
The adder bites you.
You are poisoned.
The adder poisons you!
You barely miss the adder.
You feel sick. The adder bites you but does no damage.
You miss the adder.
You feel sick. You block the adder's attack.
The adder bites you but does no damage.
A goblin comes into view. It is wielding a +0 club.
The goblin shouts!
You hit the adder.
The adder is heavily wounded.
You feel sick. The adder bites you. The adder closely misses you.
You slash the adder!
You kill the adder!
You feel sick.
The ogre hits you with a +0 giant club!!
You die...

...#.# ...#.##.# #|......#
#..#.#..# #.. #### .
#..#.#..###.. ....
..#####..#.#....#.########
##<....{.#.#..#.#..... ..
(......Z##.#..#.#..# #.
######.gO@....#....# #.
#.###.......#.######. #.
###.............. #.
#.###.#.####### #.
#.###.#.# #( #.....#.# #.
#######.# #. #.# #.#


You could see an ogre, a goblin and a centaur skeleton.

Vanquished Creatures
  A black bear (D:4)
  A jelly (D:3)
  A hound (D:4)
  An iguana (D:3)
  Jessica (D:2)
  An orc wizard (D:3)
  A hound zombie (D:3)
  7 adders
  2 worms (D:2)
  A dart slug (D:1)
  4 orcs (D:3)
  9 ball pythons
  3 bats
  4 endoplasms
  4 giant cockroaches
  4 goblins
  5 hobgoblins
  3 jackals (D:1)
  3 quokkas
  4 kobolds
  10 rats
70 creatures vanquished.

Notes
Turn   | Place    | Note
-------+----------+-------------------------------------------
     0 | D:1      | kae the Formicid Fighter began the quest for the Orb.
     0 | D:1      | Reached XP level 1. HP: 18/18 MP: 1/1
    17 | D:1      | Found a faded altar of an unknown god.
   195 | D:1      | Reached XP level 2. HP: 24/24 MP: 2/2
   573 | D:1      | Reached XP level 3. HP: 27/29 MP: 3/3
   950 | D:2      | Reached skill level 4 in Shields
  1089 | D:2      | Noticed Jessica
  1098 | D:2      | Killed Jessica
  1099 | D:2      | Reached XP level 4. HP: 28/37 MP: 4/4
  2173 | D:3      | Reached XP level 5. HP: 42/42 MP: 5/5
  2700 | D:3      | Reached XP level 6. HP: 41/48 MP: 6/6
  3416 | D:4      | Noticed a black bear
  3695 | D:4      | Killed a black bear
  3696 | D:4      | Reached skill level 5 in Shields
  3696 | D:4      | Reached XP level 7. HP: 22/55 MP: 7/7
  3986 | D:4      | Slain by an ogre

Illustrated notes

Levels and vault maps discovered:
D:1:      wheals_arrival_shading, layout_basic, ebering_ecumenical_altar_hall,
          minmay_tetromino_t2
D:2:      layout_loops_ring, chequers_decorated_corner, minivault_24,
          uniq_jessica
D:3:      layout_basic, minmay_diced_spiral
D:4:      layout_basic, minmay_misc_feat_four_crosses

Skill      XL: |  1  2  3  4  5  6 |
---------------+-------------------+-----
Shields        | 4 5 |  5.0
Axes           | 3 4 |  4.5
Fighting       | 4 |  4.6
Armour         | 4 |  4.6

Action                   |  1- 3 |  4- 6 |  7- 9 || total
-------------------------+-------+-------+-------++-------
Melee: War axe           |    53 |   162 |    20 ||   235
  Use: Scroll            |       |     6 |       ||     6
Armor: Scale mail        |    26 |   107 |    21 ||   154
Dodge: Dodged            |    27 |    97 |    23 ||   147
Block: Buckler           |    22 |    43 |    10 ||    75

Table legend: (Time is in decaauts)
 A = Elapsed time spent in this place.
 B = Non-inter-level travel time spent in this place.
 C = Inter-level travel time spent in this place.
 D = Time resting spent in this place.
 E = Time spent auto-exploring this place.
 F = Levels seen in this place.
 G = Mean time per level.
                   A        B        C        D        E       F      G
               +--------+--------+--------+--------+--------+-----+--------+
         Total |   4069 |   3994 |     75 |    487 |   2882 |   4 | 1017.2 |
       Dungeon |   4069 |   3994 |     75 |    487 |   2882 |   4 | 1017.2 |
               +--------+--------+--------+--------+--------+-----+--------+

Top non-repeatable levels by time:
     D:3: 1284 daAuts
     D:2: 1171 daAuts
     D:1: 965 daAuts
     D:4: 648 daAuts
